 Dungeon Crawl Stone Soup version 0.29-a0-857-g9b1aa3ac5b (webtiles) character file.

Game seed: 15680279666172001665

455 Sabo the Shield-Bearer (level 7, 0/54 HPs)
             Began as a Formicid Fighter on July 16, 2022.
             Was a Priest of Lugonu.
             Slain by a shadow imp (5 damage)
             ... on level 5 of the Dungeon.
             The game lasted 00:27:16 (4865 turns).

Sabo the Shield-Bearer (Formicid Fighter)           Turns: 4865, Time: 00:27:18

Health: 0/54       AC: 14    Str: 26    XL:     7   Next: 26%
Magic:  6/6        EV:  7    Int:  7    God:    Lugonu [***...]
Gold:   111        SH:  5    Dex: 16    Spells: 6/6 levels left

rFire   + . .      SeeInvis +   p - +6 long sword of Ragnarok {flame, rF+ Will+ Dex+4}
rCold   + . .      Faith    .   c - +0 buckler
rNeg    . . .      Spirit   .   l - +0 plate armour
rPois   .          Reflect  .   (helmet unavailable)
rElec   .          Harm     .   q - +1 cloak
rCorr   .          Rampage  .   (no gloves)
Will    +....                   (no boots)
Stlth   ..........              (no amulet)
HPRegen 0.18/turn               k - ring of protection from cold
MPRegen 0.10/turn               (no ring)

@: no status effects
A: permanent stasis, dig shafts and tunnels, antennae 3, four strong arms, low
MP 1, strong 1, MP-powered wands
a: Dig, Shaft Self, Renounce Religion, Depart the Abyss, Bend Space, Banish


You were on level 5 of the Dungeon.
You worshipped Lugonu.
Lugonu was most pleased with you.
You visited 1 branch of the dungeon, and saw 5 of its levels.

You collected 247 gold pieces.
You spent 136 gold pieces at shops.

Inventory:

Hand Weapons
 a - a +0 war axe
 g - a +2 short sword of venom
 h - a +4 short sword
 p - the +6 long sword of Ragnarok (weapon) {flame, rF+ Will+ Dex+4}
   (You bought it in a shop on level 3 of the Dungeon)

   It burns those it strikes, dealing additional fire damage.
   Big, fiery blades are also staple armaments of hydra-hunters.
   Dex:       It affects your dexterity (+4).
   rF:        It protects you from fire.
   Will:      It increases your willpower.
 t - the +8 longbow "Zephyr" {speed, Dex+3 SInv}
   (You found it on level 5 of the Dungeon)

   Attacks with this weapon are significantly faster.
   Dex:       It affects your dexterity (+3).
   SInv:      It lets you see invisible.
Missiles
 n - 5 poisoned darts (quivered)
Armour
 c - a +0 buckler (worn)
 l - a +0 plate armour (worn)
 q - a +1 cloak (worn)
Jewellery
 k - a ring of protection from cold (left hand)
Wands
 r - a wand of flame (17)
Scrolls
 b - a scroll of fog
 o - a scroll of enchant weapon
 u - a scroll of fear {unknown}
Potions
 d - 2 potions of might
 e - a potion of flight {unknown}
 f - a potion of mutation
 i - a potion of degeneration {unknown}
 j - a potion of curing
 m - a potion of haste {unknown}
 s - 2 potions of ambrosia {unknown}


   Skills:
 + Level 4.1 Fighting
 + Level 4.0(4.2) Short Blades
 + Level 2.1(3.3) Long Blades
 + Level 2.6 Axes
 + Level 4.6 Armour
 + Level 0.4 Dodging
 + Level 5.3 Shields


You had 6 spell levels left.
You didn't know any spells.
Your spell library contained the following spells:

 Spells                   Type           Power      Damage    Failure   Level
 Magic Dart               Conj           0%         1d3       100%        1
 Call Imp                 Summ           0%         N/A       100%        2
 Mephitic Cloud           Conj/Pois/Air  0%         N/A       100%        3
 Conjure Ball Lightning   Conj/Air       0%         3x3d6     100%        6
 Discord                  Hex            0%         N/A       100%        8
 Disjunction              Tloc           0%         N/A       100%        8


Dungeon Overview and Level Annotations

Branches:
Dungeon (5/15)             Temple (0/1) D:5

Altars:
Dithmenos
Uskayaw
Vehumet
Lugonu

Shops:
D:1 (   D:3 (   D:5 :


Innate Abilities, Weirdness & Mutations

You cannot be hasted, slowed, berserked, paralysed or teleported.
You can dig through walls and to a lower floor.
You have a pair of large antennae on your head. (SInv)
Your four strong arms can wield two-handed weapons with a shield.
Your magical capacity is low. (-10% MP)
Your muscles are strong. (Str +4, Int/Dex -1)
You expend magic power (3 MP) to strengthen your wands.


Message History

You feel better. The killer bee stings you.
* * * LOW HITPOINT WARNING * * *
The killer bee stings you but does no damage. x3
You barely miss the killer bee.
The killer bee stings you but does no damage.
The killer bee stings you.
* * * LOW HITPOINT WARNING * * *
The killer bee stings you!
* * * LOW HITPOINT WARNING * * *
The killer bee stings you.
* * * LOW HITPOINT WARNING * * *
You block the shadow imp's attack. The killer bee stings you.
* * * LOW HITPOINT WARNING * * *
You block the killer bee's attack.
You feel better.
The killer bee stings you but does no damage.
The killer bee barely misses you. You block the shadow imp's attack.
The killer bee stings you but does no damage.
The killer bee stings you.
* * * LOW HITPOINT WARNING * * *
You are lethally poisoned!
The killer bee poisons you!
You feel better. You block the killer bee's attack. The killer bee stings you.
* * * LOW HITPOINT WARNING * * *
The shadow imp hits you but does no damage.
The killer bee completely misses you. You block the killer bee's attack.
You slash the killer bee! You burn the killer bee.
The killer bee is almost dead.
The killer bee stings you.
* * * LOW HITPOINT WARNING * * *
The killer bee stings you but does no damage.
You block the shadow imp's attack. The killer bee barely misses you.
The killer bee closely misses you.
You slash the killer bee! You burn the killer bee.
You kill the killer bee!
Lugonu accepts your kill. The killer bee barely misses you.
The killer bee stings you.
* * * LOW HITPOINT WARNING * * *
The shadow imp barely misses you. The shadow imp hits you.
You die...

###### #### #....# .....
........... #...†#......
........... #...@5......
............#...y#......{
............#....# .....
............#....# ....
............##'######### {
.....######......#.....##########
.....'....#......#...............
.....#....#......#...............
.....#....#......#...............


You could see a killer bee and a shadow imp.

Vanquished Creatures
  An ogre (D:5)
  2 killer bees (D:5)
  2 hounds (D:5)
  Jessica (D:3)
  A scorpion zombie (D:3)
  2 iguanas (D:4)
  Robin (D:3)
  2 adders
  An ufetubus (D:5)
  An adder skeleton (D:3)
  2 adder zombies (D:3)
  4 worms
  3 dart slugs
  3 orcs
  10 ball pythons
  9 endoplasms
  2 giant cockroaches
  13 goblins
  13 hobgoblins
  6 jackals
  A quokka (D:4)
  6 bats
  2 frilled lizards
  A giant cockroach zombie (D:3)
  8 kobolds
  5 rats (D:1)
102 creatures vanquished.

Vanquished Creatures (others)
  3 withered plants (D:3)
3 creatures vanquished.

Grand Total: 105 creatures vanquished

Notes
Turn   | Place    | Note
-------+----------+-------------------------------------------
     0 | D:1      | Sabo the Formicid Fighter began the quest for the Orb.
     0 | D:1      | Reached XP level 1. HP: 18/18 MP: 1/1
    86 | D:1      | Reached XP level 2. HP: 19/24 MP: 2/2
   553 | D:1      | Reached XP level 3. HP: 24/29 MP: 3/3
   932 | D:1      | Found Sos Cuto's Antique Weapon Shoppe.
  1492 | D:2      | Reached XP level 4. HP: 36/37 MP: 4/4
  1672 | D:2      | Found a faded altar of an unknown god.
  1682 | D:2      | Prayed at the altar of an unknown god.
  1682 | D:2      | Became a worshipper of Lugonu the Unformed
  1682 | D:2      | Reached * piety under Lugonu
  1682 | D:2      | Reached ** piety under Lugonu
  1868 | D:2      | Found a hide-covered altar of Uskayaw.
  1998 | D:3      | Reached skill level 1 in Short Blades
  2200 | D:3      | Noticed Robin
  2225 | D:3      | Reached XP level 5. HP: 10/42 MP: 5/5
  2227 | D:3      | Killed Robin
  2374 | D:3      | Noticed Jessica
  2382 | D:3      | Killed Jessica
  3001 | D:3      | Found Lyar's Antique Weapon Shop.
  3018 | D:3      | Bought an ichor-stained long sword for 136 gold pieces
  3018 | D:3      | Identified the +6 long sword of Ragnarok {flame, rF+ Will+
                  | Dex+4} (You bought it in a shop on level 3 of the Dungeon)
  3165 | D:3      | Gained mutation: Your spells are a little easier to cast,
                  | but a little less powerful. [potion of mutation]
  3165 | D:3      | Gained mutation: Your magical capacity is low. (-10% MP)
                  | [potion of mutation]
  3165 | D:3      | Gained mutation: You expend magic power (3 MP) to
                  | strengthen your wands. [potion of mutation]
  3166 | D:3      | Lost mutation: Your spells are a little easier to cast, but
                  | a little less powerful. [potion of mutation]
  3166 | D:3      | Lost mutation: You expend magic power (3 MP) to strengthen
                  | your wands. [potion of mutation]
  3166 | D:3      | Gained mutation: Your muscles are strong. (Str +4, Int/Dex
                  | -1) [potion of mutation]
  3166 | D:3      | Gained mutation: You expend magic power (3 MP) to
                  | strengthen your wands. [potion of mutation]
  3233 | D:4      | Found a shadowy altar of Dithmenos.
  3259 | D:4      | Reached *** piety under Lugonu
  3429 | D:4      | Reached XP level 6. HP: 42/48 MP: 5/5
  4175 | D:5      | Entered Level 5 of the Dungeon
  4176 | D:5      | Found a staircase to the Ecumenical Temple.
  4187 | D:5      | Noticed an ogre
  4198 | D:5      | Killed an ogre
  4199 | D:5      | Reached skill level 1 in Long Blades
  4388 | D:5      | Found a radiant altar of Vehumet.
  4436 | D:5      | Reached XP level 7. HP: 51/54 MP: 6/6
  4487 | D:5      | Found Taawicoino's Tremendous Tomes.
  4545 | D:5      | Found the +8 longbow "Zephyr" {speed, Dex+3 SInv}
  4859 | D:5      | Reached skill level 5 in Shields
  4861 | D:5      | HP: 1/54 [killer bee (3)]
  4865 | D:5      | Slain by a shadow imp

Illustrated notes

Levels and vault maps discovered:
D:1:      dpeg_arrival_rooms_with_view, layout_basic, serial_shops, shop,
          minmay_misc_feat_pillars
D:2:      layout_basic, basic_ecumenical_altar, basic_altar
D:3:      layout_rooms, serial_undead, serial_undead_f, serial_undead_d,
          serial_undead_b, serial_undead_c, serial_undead_b, serial_shops,
          nicolae_square_shop, uniq_jessica, uniq_robin
D:4:      layout_basic, nicolae_dithmenos_through_a_glass_darkly,
          nicolae_eternal_life, grunt_decor_arrowhead
D:5:      layout_gridville, mainiacjoe_overflow_paths, temple_fountains,
          nicolae_shop_i_like_big_books

Skill      XL: |  1  2  3  4  5  6  7 |
---------------+----------------------+-----
Short Blades   | 1 3 4 |  4.0
Armour         | 4 |  4.6
Fighting       | 4 |  4.1
Long Blades    | 1 2 |  2.1
Shields        | 5 |  5.3
Axes           | |  2.6
Dodging        | |  0.4

Action                   |  1- 3 |  4- 6 |  7- 9 || total
-------------------------+-------+-------+-------++-------
Melee: War axe           |    57 |       |       ||    57
       Short sword       |    56 |   135 |       ||   191
       Long sword        |       |    43 |    17 ||    60
Throw: Dart              |       |     2 |       ||     2
  Use: Scroll            |     4 |     5 |       ||     9
       Potion            |       |     5 |     3 ||     8
Armor: Scale mail        |    46 |       |       ||    46
       Plate armour      |    30 |    80 |    34 ||   144
Dodge: Dodged            |    41 |    38 |    18 ||    97
Block: Buckler           |    39 |    49 |    12 ||   100

Table legend: (Time is in decaauts)
 A = Elapsed time spent in this place.
 B = Non-inter-level travel time spent in this place.
 C = Inter-level travel time spent in this place.
 D = Time resting spent in this place.
 E = Time spent auto-exploring this place.
 F = Levels seen in this place.
 G = Mean time per level.
                   A        B        C        D        E       F      G
               +--------+--------+--------+--------+--------+-----+--------+
         Total |   4919 |   4919 |      0 |   1157 |      0 |   5 |  983.8 |
       Dungeon |   4919 |   4919 |      0 |   1157 |      0 |   5 |  983.8 |
               +--------+--------+--------+--------+--------+-----+--------+

Top non-repeatable levels by time:
     D:1: 1352 daAuts
     D:3: 1195 daAuts
     D:4: 1009 daAuts
     D:5: 695 daAuts
     D:2: 665 daAuts
